 Dungeon Sprint DCSS version 0.31-a0-1002-g8e65716e6e (webtiles) character file.

Game seed: 12859112319896653971

12724 Revguard the Warrior (level 11, -9/156 HPs)
             Began as a Demonspawn Berserker on Nov 9, 2023.
             Was the Champion of Trog.
             Killed by vampiric draining
             ... invoked by a vampire knight
              (13 damage)
             ... in the Dungeon (Sprint V: "Ziggurat Sprint").
             The game lasted 00:07:20 (504 turns).

Revguard the Warrior (Demonspawn Berserker)          Turns: 504, Time: 00:07:20

Health: -9/156     AC: 42    Str: 22    XL:     11   Next: 66%
Magic:  20/20      EV: 16    Int:  6    God:    Trog [******]
Gold:   0          SH:  0    Dex: 15    Spells: 10/10 levels left

rFire   . . .        y - +5 Lochaber axe {reach-cleave, Poleaxe Drain}
rCold   + . .        (shield currently unavailable)
rNeg    . . .        z - +15 Maxwell's patent armour {-Cast -Tele rElec Will+ rCorr}
rPois   .            w - +1 helmet {SInv}
rElec   +            (no cloak)
rCorr   +            s - +0 pair of gloves of the Clean God {Will+ Regen+ Str+3 Stlth+}
SInv    +            (no boots)
Will    +++++        (no amulet) Stlth
                     b - ring "Zezikhlyo" {Will+ MP+9 AC+4}
HPRegen 2.26/turn    a - ring "Nemugg" {rElec rC+ AC+4 Int-3 SInv}
MPRegen 0.17/turn

%: no teleportation, no spellcasting
@: mighty, agile, berserking, strong-willed, regenerating, very quick
A: hooves 2, foul stench 1, powered by pain 2
a: Renounce Religion, Berserk, Trog's Hand, Brothers in Arms


You were in the Dungeon.
You worshipped Trog.
Trog was exalted by your worship.
You visited 1 branch

Inventory:

Hand Weapons
 y - the +5 Lochaber axe (weapon) {reach-cleave, Poleaxe Drain}
   (You found it in the Dungeon)

   Poleaxe:   It uses either Axes or Polearms skill, whichever is higher.
   Drain:     It drains your maximum health when unequipped.
 A - the +16 obsidian axe {drain, demonic, Mesm Drain Fly SInv}
   (You found it in the Dungeon)

   Mesm:      Its wielder is mesmerised by any visible foes, and it cannot be
   unequipped while any foes are visible.
   SInv:      It lets you see invisible.
   Fly:       It grants you flight.
   Drain:     It drains your maximum health when unequipped.
 B - a +3 battleaxe of flaming
Armour
 s - the +0 pair of gloves of the Clean God (worn) {Will+ Regen+ Str+3 Stlth+}
   (You found it in the Dungeon)

   Str+3:     It affects your strength (+3).
   Will+:     It increases your willpower.
   Regen+:    It increases your rate of health regeneration.
   Stlth+:    It makes you more stealthy.
 w - a +1 helmet of see invisible (worn)
 z - the +15 Maxwell's patent armour (worn) {-Cast -Tele rElec Will+ rCorr}
   (You found it in the Dungeon)

   rElec:     It insulates you from electricity.
   Will+:     It increases your willpower.
   -Cast:     It prevents spellcasting.
   -Tele:     It prevents most forms of teleportation.
   rCorr:     It protects you from acid and corrosion.
Jewellery
 a - the ring "Nemugg" (right hand) {rElec rC+ AC+4 Int-3 SInv}
   (You found it in the Dungeon)

   [ring of protection]

   AC+4:      It affects your AC (+4).
   Int-3:     It affects your intelligence (-3).
   rC+:       It protects you from cold.
   rElec:     It insulates you from electricity.
   SInv:      It lets you see invisible.
 b - the ring "Zezikhlyo" (left hand) {Will+ MP+9 AC+4}
   (You found it in the Dungeon)

   [ring of protection]

   AC+4:      It affects your AC (+4).
   Will+:     It increases your willpower.
   MP+9:      It affects your magic capacity (+9).
 k - a ring of willpower
 x - a ring of fire
 C - a +4 ring of protection
Wands
 p - a wand of mindburst (17)
 q - a wand of iceblast (22)
 r - a wand of acid (13)
 u - a wand of flame (28)
 v - a wand of charming (10)
Scrolls
 h - 4 scrolls of blinking
 m - 7 scrolls of fog
 n - 5 scrolls of identify
 o - 2 scrolls of fear
 t - 4 scrolls of enchant armour
Potions
 c - 10 potions of curing
 d - 10 potions of heal wounds
 e - 6 potions of haste
 f - 7 potions of magic
 g - 3 potions of berserk rage
 i - 2 potions of invisibility
 j - 3 potions of resistance
 l - 5 potions of might


   Skills:
 * Level 16.0 Fighting
 * Level 14.8 Axes
 + Level 11.0 Armour
 + Level 11.0 Dodging
 + Level 11.3 Evocations


You had 10 spell levels left.
You didn't know any spells.
Your spell library was empty.

Dungeon Overview and Level Annotations

Branches:
Dungeon (1/1)

Altars:
Ashenzari
Cheibriados
Dithmenos
Fedhas
Gozag
Hepliaklqana
Kikubaaqudgha
Makhleb
Nemelex Xobeh
Okawaru
Qazlal
Ru
Sif Muna
Trog
Uskayaw
Vehumet
Wu Jian
Xom
Yredelemnul
Jiyva
Lugonu

Annotations:
D 1 transporter


Innate Abilities, Weirdness & Mutations

You have hoof-like feet.
You may rarely emit foul miasma when damaged in melee.
You sometimes gain power by taking damage.


Message History

The vampire knight bites you but does no damage.
The vampire knight draws life force from you!
The vampire knight is healed by the life force!
The vampire knight hits you with a +0 great sword!
The vampire knight completely misses you.
Your cyclops closely misses the vampire knight.
Your Evocations skill increases to level 11!
You hit the vampire knight but do no damage.
You kick the vampire knight!
You destroy the vampire knight!
Trog accepts your kill.
Trog appreciates your killing of a magic user.
You hit the vampire knight but do no damage. x2
The vampire knight hits you but does no damage.
The vampire knight bites you but does no damage.
The vampire knight hits you with a +3 battleaxe!!
The vampire knight misses you. The vampire knight barely misses you.
The vampire knight closely misses you.
The vampire knight hits you with a +3 battleaxe!!
* * * LOW HITPOINT WARNING * * *
The vampire knight barely misses you.
Your Fighting skill increases to level 16!
Your Armour skill increases to level 11!
Your Dodging skill increases to level 11!
You slash the vampire knight!
The vampire knight is severely damaged.
You completely miss the vampire knight.
The vampire knight draws life force from you!!
* * * LOW HITPOINT WARNING * * *
You focus on the pain.
You feel very mighty all of a sudden.
The vampire knight is healed by the life force!
The vampire knight hits you with a +3 battleaxe!
* * * LOW HITPOINT WARNING * * *
The vampire knight completely misses you.
You hit the vampire knight.
The vampire knight is severely damaged.
You slash the vampire knight!
The vampire knight draws life force from you!
You die...

▓...†©....
▓▓▓▓▓▓▓▓▓▓▓▓▓▓▓▓▓▓▓▓▓▓
▓...8©8...▓...8©8...▓.
▓..)[)|)).▓.....:)..▓.
▓..=|/[/..▓..)).....▓.
▓.........▓.........▓.
▓.........▓.........▓.
▓..)).V...▓...††....▓.
▓..†C@V...▓....††...▓.
▓..▓4.§▓..▓....)†...▓.
▓.▓..)§.▓.▓.▓.....▓.▓.
▓....©....▓....©....▓▓
▓▓▓▓▓▓▓▓▓▓▓▓▓▓▓▓▓▓▓▓▓


You could see 2 vampire knights, a friendly cyclops (summoned, berserk) and a
friendly hellwing (summoned).

Vanquished Creatures
  A lich (D)
  A vampire knight (D)
  2 hell hogs (D)
  A deep elf knight (D)
  2 black mambas (D)
  An elephant (D)
  2 komodo dragons (D)
  2 efreet (D)
  2 tarantellas (D)
  4 glass eyes (D)
  An air elemental (D)
  2 slime creatures (D)
  A jumping spider (D)
  A water elemental (D)
  2 golden eyes (D)
  4 nagas (D)
  2 hell hounds (D)
  2 water moccasins (D)
  2 bullfrogs (D)
  2 necrophages (D)
  A wight (D)
  A crimson imp (D)
  A quasit (D)
  5 jellies (D)
  An adder (D)
  An adder zombie (D)
  3 adder skeletons (D)
  2 endoplasms (D)
  2 ball pythons (D)
  A ball python skeleton (D)
  A jackal zombie (D)
56 creatures vanquished.

Vanquished Creatures (collateral kills)
  A hell hog (D)
  A dancing weapon (D)
  A skeletal warrior (D)
  A deep elf zephyrmancer (D)
  A necromancer (D)
  A jumping spider (D)
  A shadow (D)
  A slime creature (D)
  A yak (D)
  2 water moccasins (D)
  3 jellies (D)
  A bat skeleton (D)
  An endoplasm (D)
  A fire vortex (D)
17 creatures vanquished.

Grand Total: 73 creatures vanquished

Notes
Turn   | Place    | Note
-------+----------+-------------------------------------------
     0 | D        | Revguard the Demonspawn Berserker began the quest for the
                  | Orb.
     0 | D        | Reached XP level 1. HP: 18/18 MP: 1/1
     2 | D        | Found a shimmering blue altar of Sif Muna.
     2 | D        | Found a bloodstained altar of Trog.
     2 | D        | Found a sacrificial altar of Ru.
     2 | D        | Found a stormy altar of Qazlal.
     2 | D        | Found an iron altar of Okawaru.
     3 | D        | Found a sparkling altar of Nemelex Xobeh.
     3 | D        | Found a blossoming altar of Fedhas.
     3 | D        | Found the +6 Majin-Bo {spellvamp, MP+6 Int+6}
     3 | D        | Found the +27 heavy crossbow "Sniper" {heavy, Acc+∞ SInv}
     3 | D        | Found the +10 dark maul {heavy}
     3 | D        | Found the +15 Maxwell's patent armour {-Cast -Tele rElec
                  | Will+ rCorr}
     3 | D        | Found the +18 shield of the Gong {Loud rN+ Will+ rCorr
                  | EV-5}
     3 | D        | Found the +16 obsidian axe {drain, demonic, Mesm Drain Fly
                  | SInv}
     3 | D        | Found the +7 great mace "Firestarter" {flame, immolate,
                  | rFlCloud rF++}
     3 | D        | Found the +6 shillelagh "Devastator" {shatter}
     3 | D        | Found the +11 plutonium sword {Contam Stlth-}
     3 | D        | Found the +8 lance "Wyrmbane" {slay drac, rPois rF+ rC+
                  | AC+3}
     3 | D        | Found the +9 sword of Zonguldrok {reap}
     3 | D        | Found the +13 scythe of Curses {drain, curses, Drain}
     3 | D        | Found the +9 sword of Power {lifebolt}
     3 | D        | Found the +7 mace of Variability {chaos, chaos arc}
     3 | D        | Found the +11 Singing Sword {sonic wave}
     3 | D        | Found the +8 storm bow {elec, penet}
     5 | D        | Found a transporter.
     5 | D        | Found an ancient bone altar of Kikubaaqudgha.
     5 | D        | Found a viscous altar of Jiyva.
     5 | D        | Found a corrupted altar of Lugonu.
     5 | D        | Found a hazy altar of Hepliaklqana.
     5 | D        | Found a burning altar of Makhleb.
     5 | D        | Found an opulent altar of Gozag.
    36 | D        | Reached skill level 4 in Fighting
    36 | D        | Gained mutation: You have large cloven feet. [demonic
                  | ancestry]
    36 | D        | Reached XP level 2. HP: 26/26 MP: 2/2
    41 | D        | Entered arena 2.
    41 | D        | Noticed a crimson imp
    41 | D        | Found a transporter.
    48 | D        | Reached skill level 5 in Fighting
    48 | D        | Reached XP level 3. HP: 29/33 MP: 3/3
    52 | D        | Reached skill level 5 in Axes
    52 | D        | Reached XP level 4. HP: 37/40 MP: 4/4
    56 | D        | Entered arena 3.
    56 | D        | Found a transporter.
    59 | D        | Reached ** piety under Trog
    62 | D        | Reached skill level 6 in Fighting
    95 | D        | Entered arena 4.
    95 | D        | Noticed a jumping spider
    95 | D        | Noticed a tarantella
    95 | D        | Noticed a jumping spider
    95 | D        | Noticed a tarantella
    95 | D        | Found a transporter.
    98 | D        | Killed a tarantella
    98 | D        | Killed a tarantella
    98 | D        | Reached *** piety under Trog
    99 | D        | Reached skill level 8 in Fighting
    99 | D        | Reached skill level 5 in Armour
    99 | D        | Reached skill level 5 in Dodging
    99 | D        | Reached skill level 5 in Evocations
    99 | D        | Reached XP level 5. HP: 51/51 MP: 5/5
    99 | D        | Reached XP level 6. HP: 57/57 MP: 6/6
    99 | D        | Killed a jumping spider
   100 | D        | Reached skill level 9 in Fighting
   100 | D        | Gained mutation: You sometimes gain a little power by
                  | taking damage. [demonic ancestry]
   100 | D        | Reached XP level 7. HP: 64/64 MP: 7/7
   100 | D        | Killed a jumping spider
   133 | D        | Entered arena 5.
   133 | D        | Noticed a glass eye
   133 | D        | Noticed a glass eye
   133 | D        | Noticed a glass eye
   133 | D        | Found a transporter.
   138 | D        | Killed a glass eye
   138 | D        | Reached **** piety under Trog
   139 | D        | Killed a glass eye
   140 | D        | Reached skill level 10 in Fighting
   140 | D        | Gained mutation: You have hoof-like feet. [demonic
                  | ancestry]
   140 | D        | Reached XP level 8. HP: 72/72 MP: 8/8
   141 | D        | Killed a glass eye
   146 | D        | Got the ring "Nemugg" {rElec rC+ AC+4 Int-3 SInv}
   154 | D        | Entered arena 6.
   154 | D        | Noticed an air elemental
   154 | D        | Noticed a deep elf zephyrmancer
   154 | D        | Noticed a +2 trident of distortion
   154 | D        | Noticed a deep elf knight
   154 | D        | Found a transporter.
   156 | D        | Paralysed by an air elemental for 1 turns
   159 | D        | Killed an air elemental
   160 | D        | Killed a deep elf knight
   161 | D        | Reached skill level 11 in Fighting
   161 | D        | Reached skill level 10 in Axes
   161 | D        | Gained mutation: You sometimes gain power by taking damage.
                  | [demonic ancestry]
   161 | D        | Reached XP level 9. HP: 34/81 MP: 9/9
   166 | D        | Killed a +2 trident of distortion
   167 | D        | Reached skill level 12 in Fighting
   168 | D        | Killed a deep elf zephyrmancer
   168 | D        | Reached ***** piety under Trog
   175 | D        | Got the ring "Zezikhlyo" {Will+ MP+9 AC+4}
   273 | D        | Entered arena 7.
   273 | D        | Found the +8 Vampire's Tooth {megavamp}
   274 | D        | Found a transporter.
   290 | D        | Got the +0 pair of gloves of the Clean God {Will+ Regen+
                  | Str+3 Stlth+}
   299 | D        | Entered arena 8.
   299 | D        | Noticed a black mamba
   300 | D        | Found a transporter.
   303 | D        | Reached ****** piety under Trog
   306 | D        | Killed a black mamba
   306 | D        | Received a gift from Trog
   308 | D        | Gained mutation: You may rarely emit foul miasma when
                  | damaged in melee. [demonic ancestry]
   308 | D        | Reached XP level 10. HP: 70/91 MP: 10/10
   309 | D        | Reached skill level 13 in Fighting
   334 | D        | Entered arena 9.
   335 | D        | Found a transporter.
   340 | D        | Received a gift from Trog
   352 | D        | Entered arena 10.
   352 | D        | Found the +3 Elemental Staff {ele, rElec rF+ rC+ AC+3}
   352 | D        | Noticed a hell hog
   352 | D        | Noticed a hell hog
   352 | D        | Noticed a hell hog
   359 | D        | Killed a hell hog
   362 | D        | Killed a hell hog
   363 | D        | Reached skill level 14 in Fighting
   365 | D        | Received a gift from Trog
   365 | D        | Killed a hell hog
   366 | D        | Reached skill level 10 in Evocations
   369 | D        | Found a transporter.
   422 | D        | Entered arena 11.
   423 | D        | Found a transporter.
   426 | D        | Received a gift from Trog
   429 | D        | Reached skill level 10 in Armour
   429 | D        | Reached XP level 11. HP: 100/101 MP: 11/11
   431 | D        | Reached skill level 10 in Dodging
   450 | D        | Entered arena 12.
   451 | D        | Found the +5 Lochaber axe {reach-cleave, Poleaxe Drain}
   452 | D        | Found a transporter.
   458 | D        | Received a gift from Trog
   462 | D        | Reached skill level 15 in Fighting
   489 | D        | Entered arena 13.
   489 | D        | Noticed a necromancer
   489 | D        | Noticed a skeletal warrior
   489 | D        | Noticed a lich
   489 | D        | Noticed a vampire knight
   489 | D        | Noticed a vampire knight
   489 | D        | Noticed a vampire knight
   490 | D        | Received a gift from Trog
   491 | D        | Found a transporter.
   495 | D        | Killed a necromancer
   498 | D        | Received a gift from Trog
   499 | D        | Killed a skeletal warrior
   501 | D        | Killed a lich
   502 | D        | Killed a vampire knight
   503 | D        | Reached skill level 16 in Fighting
   503 | D        | HP: 2/156 [vampire knight/+3 battleaxe (8)]
   504 | D        | Killed from afar by a vampire knight

Illustrated notes

Levels and vault maps discovered:
D:        sprint_v [room_start, room_1, room_2, room_3, room_4, room_5, room_6,
          room_7, room_8, room_9, room_10, room_11, room_12, room_13, room_14,
          room_15, room_16, room_17, room_18, room_19, room_20, room_21,
          room_22, room_23, room_24, room_25, room_26, room_27]

Skill      XL: |  1  2  3  4  5  6  7  8  9 10 11 |
---------------+----------------------------------+-----
Fighting       | 4 5 8 9 10 11 12 14 16 | 16.0
Axes           | 4 5 7 8 9 10 11 13 14 | 14.8
Armour         | 3 5 6 7 8 10 11 | 11.0
Dodging        | 3 5 6 7 8 9 11 | 11.0
Evocations     | 2 3 5 6 7 8 10 11 | 11.3

Action                     |  1- 3 |  4- 6 |  7- 9 | 10-12 || total
---------------------------+-------+-------+-------+-------++-------
  Melee: Broad axe         |     9 |     7 |    28 |    36 ||    80
         Kick              |     1 |     2 |     9 |    12 ||    24
         Punch             |       |       |       |     1 ||     1
         Lochaber axe      |       |       |       |     9 ||     9
 Invoke: Berserk           |       |     1 |     1 |     2 ||     4
         Trog's Hand       |       |       |     1 |     2 ||     3
         Brothers in Arms  |       |       |     1 |     2 ||     3
    Use: Potion            |     1 |       |       |     1 ||     2
 Armour: Plate armour      |    25 |    14 |    33 |    53 ||   125
  Dodge: Dodged            |    10 |     6 |    18 |    39 ||    73

Table legend: (Time is in decaauts)
 A = Elapsed time spent in this place.
 B = Non-inter-level travel time spent in this place.
 C = Inter-level travel time spent in this place.
 D = Time resting spent in this place.
 E = Time spent auto-exploring this place.
 F = Levels seen in this place.
 G = Mean time per level.
                   A        B        C        D        E       F      G
               +--------+--------+--------+--------+--------+-----+--------+
         Total |    525 |    525 |      0 |    150 |      0 |   1 |  525.0 |
       Dungeon |    525 |    525 |      0 |    150 |      0 |   1 |  525.0 |
               +--------+--------+--------+--------+--------+-----+--------+

Top non-repeatable levels by time:
       D: 525 daAuts
